 Dungeon Sprint DCSS version 0.27.1-33-g824d729ab1 (webtiles) character file.

Game seed: 18315606061227644818

455 Adenis the Unseen (level 6, 0/48 HPs)
             Began as a Vampire Brigand on Dec 3, 2021.
             Was an Initiate of Dithmenos.
             Slain by Sonja (9 damage)
             ... in the Dungeon (Sprint I: "Red Sonja").
             The game lasted 00:01:10 (113 turns).

Adenis the Unseen (Vampire Brigand)                  Turns: 113, Time: 00:01:11

Health: 0/48       AC:  5    Str: 10    XL:     6   Next: 76%
Magic:  6/6        EV: 12    Int: 14    God:    Dithmenos [......]
Gold:   297        SH:  0    Dex: 17    Spells: 5/5 levels left

rFire    . . .     SeeInvis +   a - +2 dagger
rCold    . . .     Faith    .   (no shield)
rNeg     . . .     Spirit   .   l - +2 robe
rPois    .         Reflect  .   (no helmet)
rElec    .         Harm     .   c - +0 cloak
rCorr    .         Rampage  .   (no gloves)
Will     .....     NoTele   +   (no boots)
Stlth    +++++++...             (no amulet)
HPRegen  0.36/turn              (no ring)
MPRegen  0.10/turn              (no ring)

@: healing quickly
A: alive, fangs 3, see invisible, vampiric 2
a: Exsanguinate, Renounce Religion


You were in the Dungeon.
You worshipped Dithmenos.
Dithmenos was noncommittal.
You visited 1 branch You collected 297 gold pieces.

Inventory:

Hand Weapons
 a - a +2 dagger (weapon)
Missiles
 d - 8 poisoned darts (quivered)
 e - 2 curare-tipped darts
Armour
 c - a +0 cloak (worn)
 l - a +2 robe (worn)
Scrolls
 k - a scroll of blinking
Potions
 f - 2 potions of curing
 g - a potion of heal wounds
 h - a potion of haste
 i - 2 potions of magic
 j - a potion of berserk rage


   Skills:
 + Level 4.1 Fighting
 + Level 5.5 Short Blades
 + Level 3.8 Throwing
 + Level 1.8 Dodging
 + Level 18.2 Stealth


You had 5 spell levels left.
You didn't know any spells.
Your spell library was empty.

Dungeon Overview and Level Annotations

Branches:
Dungeon (1/1)

Altars:
Cheibriados
Dithmenos
Elyvilon
Fedhas
Gozag
Hepliaklqana
Kikubaaqudgha
Nemelex Xobeh
Okawaru
Qazlal
Ru
Sif Muna
Trog
Uskayaw
Vehumet
Wu Jian
Yredelemnul
Zin
The Shining One

Shops:
D [

Annotations:
D Sonja


Innate Abilities, Weirdness & Mutations

Your natural rate of healing is accelerated.
You have razor-sharp teeth.
You have supernaturally acute eyesight. (SInv)
You are afflicted with vampirism and can become a bat while bloodless.


Message History

You now have 243 gold pieces (gained 27).
You now have 270 gold pieces (gained 27).
You now have 297 gold pieces (gained 27).
There is an open door here.
You open the door.
Sonja, the Graceful Assassin comes into view.
She is wielding a +2 short sword of distortion and quivering curare-tipped darts.
Found 108 gold pieces.
There is an open door here.
Sonja shouts!
Sonja says, "Someone hired me to kill you, but I'm not supposed to say who."
Sonja barely misses you. x2
Sonja hits you with a +2 short sword of distortion.
Space bends around you.
You completely miss Sonja. Sonja barely misses you.
Sonja hits you with a +2 short sword of distortion.
Sonja completely misses you.
You hit Sonja.
Sonja is lightly wounded.
Sonja barely misses you. Sonja closely misses you.
Sonja hits you but does no damage.
You hit Sonja but do no damage.
Sonja is lightly wounded.
Sonja hits you with a +2 short sword of distortion.
Space warps horribly around you. Sonja completely misses you.
Sonja barely misses you.
You hit Sonja.
Sonja is moderately wounded.
Sonja shouts, "Too slow!"
Sonja hits you with a +2 short sword of distortion.
Space bends around you. Sonja hits you but does no damage.
Sonja hits you with a +2 short sword of distortion.
You hit Sonja. Your bite misses Sonja.
Sonja is moderately wounded.
Sonja hits you with a +2 short sword of distortion.
Space bends around you.
* * * LOW HITPOINT WARNING * * *
Sonja hits you but does no damage. Space bends around you.
* * * LOW HITPOINT WARNING * * *
Sonja hits you with a +2 short sword of distortion!
You die...

#..'..#.)'..#..+
#..#####'#####'#
#..####..#...#)#
#..#__####..##?#
#..#_____##'#_.+
#⌠⌠#_.∩...'..._#
####_..__##_.#+#
#_____###'#
####### #@#


+$K$+ #$.$# ##.## #+# You could see Sonja.

Vanquished Creatures
  Sigmund (D)
  A yak (D)
  An ogre (D)
  A jelly (D)
  Ijyb (D)
5 creatures vanquished.

Notes
Turn   | Place    | Note
-------+----------+-------------------------------------------
     0 | D        | Adenis the Vampire Brigand began the quest for the Orb.
     0 | D        | Reached XP level 1. HP: 16/16 MP: 1/1
     2 | D        | Noticed Ijyb
     6 | D        | Killed Ijyb
     7 | D        | Reached skill level 9 in Stealth
     7 | D        | Reached XP level 2. HP: 22/22 MP: 2/2
     9 | D        | Noticed an ogre
    13 | D        | Killed an ogre
    14 | D        | Reached skill level 13 in Stealth
    14 | D        | Gained mutation: You are afflicted with vampirism and can
                  | become a bat while bloodless. [Vampire growth]
    14 | D        | Reached XP level 3. HP: 29/29 MP: 3/3
    14 | D        | Reached XP level 4. HP: 35/35 MP: 4/4
    24 | D        | Noticed Sigmund
    28 | D        | Killed Sigmund
    29 | D        | Reached skill level 16 in Stealth
    29 | D        | Reached XP level 5. HP: 42/42 MP: 5/5
    29 | D        | Reached XP level 6. HP: 48/48 MP: 6/6
    53 | D        | Found an ornate altar of the Wu Jian Council.
    53 | D        | Found a shimmering blue altar of Sif Muna.
    55 | D        | Found a radiant altar of Vehumet.
    62 | D        | Reached skill level 5 in Short Blades
    63 | D        | Found Kosyimu's Armour Emporium.
    63 | D        | Found an ancient bone altar of Kikubaaqudgha.
    63 | D        | Found a hazy altar of Hepliaklqana.
    63 | D        | Found a stormy altar of Qazlal.
    63 | D        | Found a hide-covered altar of Uskayaw.
    63 | D        | Found a blossoming altar of Fedhas.
    63 | D        | Found a bloodstained altar of Trog.
    63 | D        | Found an iron altar of Okawaru.
    63 | D        | Found a basalt altar of Yredelemnul.
    63 | D        | Found a snail-covered altar of Cheibriados.
    63 | D        | Found a sacrificial altar of Ru.
    63 | D        | Found a shadowy altar of Dithmenos.
    63 | D        | Noticed a yak
    64 | D        | Found an opulent altar of Gozag.
    65 | D        | Killed a yak
    66 | D        | Reached skill level 18 in Stealth
    66 | D        | Found a sparkling altar of Nemelex Xobeh.
    74 | D        | Became a worshipper of Dithmenos the Shadowed
   106 | D        | Noticed Sonja
   113 | D        | Slain by Sonja

Illustrated notes

Levels and vault maps discovered:
D:        dungeon_sprint_1 [red_sonja_temple_1, red_sonja_temple_small_1]

Skill      XL: |  1  2  3  4  5  6 |
---------------+-------------------+-----
Fighting       | 2 3 4 |  4.1
Throwing       | 2 3 |  3.8
Stealth        | 9 13 16 18 | 18.2
Short Blades   | 3 4 5 |  5.5
Dodging        | |  1.8

Action                   |  1- 3 |  4- 6 || total
-------------------------+-------+-------++-------
Melee: Dagger            |     2 |     8 ||    10
 Stab: Sleeping          |     2 |     3 ||     5
Armor: Robe              |       |     3 ||     3
Dodge: Dodged            |       |     8 ||     8
